 Dungeon Crawl Stone Soup version 0.25-a0-1036-g6f112fb28d (webtiles) character file.

Game seed: 12130424619632535848, levelgen mode: deterministic

35 Conn the Magician (level 3, -4/21 HPs)
             Began as an Octopode Wizard on May 13, 2020.
             Slain by Natasha (8 damage)
             ... on level 3 of the Dungeon.
             The game lasted 00:03:03 (1679 turns).

Conn the Magician (Octopode Wizard)                 Turns: 1679, Time: 00:03:03

Health: -4/21      AC:  1    Str:  6    XL:     3   Next: 33%
Magic:  5/8        EV: 13    Int: 21    God:
Gold:   52         SH:  0    Dex: 10    Spells: 1/9 levels left

rFire    . . .     SeeInvis .   (no weapon)
rCold    . . .     Gourm    .   (no shield)
rNeg     . . .     Faith    .   a - +0 hat
rPois    .         Spirit   .   (no amulet)
rElec    .         Reflect  .   (no ring)
rCorr    .         Harm     .   (no ring)
MR       .....                  (no ring)
Stlth    +++.......             (no ring)
HPRegen  0.07/turn              (no ring)
MPRegen  0.11/turn              (no ring)
                                (no ring)
                                (no ring)

@: mighty
A: almost no armour, stealthy swim, amphibious, 8 rings, constrict 8, camouflage
1, gelatinous body 1
a: no special abilities


You were on level 3 of the Dungeon.
You were not hungry.

You visited 1 branch of the dungeon, and saw 4 of its levels.

You collected 52 gold pieces.

Inventory:

Armour
 a - a +0 hat (worn)
Scrolls
 e - a scroll of blinking {unknown}
 g - a scroll of remove curse {unknown}
 k - 2 scrolls of identify {unknown}
 l - a scroll of magic mapping {unknown}
 n - 3 scrolls of amnesia {unknown}
Potions
 d - a potion of berserk rage {unknown}
 h - a potion of brilliance {unknown}
 i - a potion of stabbing {unknown}
 j - a potion of invisibility {unknown}
 m - a potion of heal wounds {unknown}
Comestibles
 c - 2 rations
 f - 2 chunks of flesh


   Skills:
 + Level 2.3 Dodging
 + Level 2.9 Stealth
 * Level 3.7 Spellcasting
 * Level 1.2 Conjurations
 + Level 1.0 Summonings
 + Level 1.0 Translocations


You had one spell level left.
You knew the following spells:

 Your Spells              Type           Power        Failure   Level  Hunger
a - Magic Dart            Conj           #...         8%          1    None
b - Blink                 Tloc           N/A          12%         2    ##.....
c - Call Imp              Summ           #.......     12%         2    ##.....
d - Conjure Flame         Conj/Fire      #.......     28%         3    ###....

Your spell library contained the following spells:

 Spells                   Type           Power        Failure   Level  Hunger
 Slow                     Hex            #.......     19%         2    ##.....
 Mephitic Cloud           Conj/Pois/Air  #.......     30%         3    ###....


Dungeon Overview and Level Annotations

Branches:
Dungeon (4/15)
 Temple: D:4-7

Altars:

Annotations:
D:3 Natasha
D:4 Eustachio


Innate Abilities, Weirdness & Mutations

You cannot wear most types of armour.
You are very stealthy in the water. (Stealth+)
You are amphibious.
You can wear up to eight rings at the same time.
You can use your tentacles to constrict eight enemies at once.
Your skin changes colour to match your surroundings (Stealth+).
Your rubbery body absorbs attacks. (AC +1, EV +1)


Message History

The bat hits you. Natasha misses you.
You miss Natasha. You grab Natasha.
Natasha is lightly wounded.
You constrict Natasha, but do no damage.
The bat hits you but does no damage. Natasha barely misses you.
Casting: Magic Dart (safe; 8% risk of failure)
Confirm with . or Enter, or press ? or * to list all spells.
A beastly little devil appears in a puff of flame.
You constrict Natasha. The bat closely misses you. Natasha claws you.
* * * LOW HITPOINT WARNING * * *
Unknown command.
Okay, then.
It was a potion of might.
You feel very mighty all of a sudden.
You constrict Natasha. The bat closely misses you. Natasha barely misses you.
Your crimson imp blinks!
You barely miss Natasha.
Natasha is moderately wounded.
You constrict Natasha. The bat barely misses you. Natasha claws you!
You die...

#.......>...............
#.........###.......####
####...#.## ####........
#.#.#.#######.####.##
#.#.#.........#### .
#.#...####.....# ..
#.#.#.###..###.# ..
#.....#....###.# ...
......b@........
###.###h#......#
#ยง###.#..# #.. ...<#
... J...# .... .....
.5... ..# ......


You could see Natasha, a bat and a friendly crimson imp (summoned).

Vanquished Creatures
  A dart slug (D:1)
  2 leopard geckos (D:2)
  2 giant cockroaches
  5 goblins (D:1)
  4 hobgoblins
  3 bats (D:1)
  4 frilled lizards (D:1)
  3 kobolds (D:1)
  6 rats (D:1)
30 creatures vanquished.

Notes
Turn   | Place    | Note
-------+----------+-------------------------------------------
     0 | D:1      | Conn the Octopode Wizard began the quest for the Orb.
     0 | D:1      | Reached XP level 1. HP: 11/11 MP: 4/4
   154 | D:1      | Reached XP level 2. HP: 16/17 MP: 6/6
  1021 | D:1      | Reached XP level 3. HP: 14/21 MP: 8/8
  1117 | D:1      | Learned a level 2 spell: Blink
  1120 | D:1      | Learned a level 2 spell: Call Imp
  1124 | D:1      | Learned a level 3 spell: Conjure Flame
  1368 | D:2      | You fall into a shaft and drop 2 floors!
  1450 | D:4      | Noticed Eustachio
  1669 | D:3      | Noticed Natasha
  1679 | D:3      | Slain by Natasha

Illustrated notes

Levels and vault maps discovered:
D:1:      minmay_arrival_four_circles, layout_loops_ring,
          hangedman_decor_clover_reticule
D:2:      layout_rooms, minmay_overflow_temple_star_quad
D:3:      kennysheep_the_goblin_king, layout_basic, first_ration,
          hangedman_decor_riveting, uniq_natasha, uniq_jessica, uniq_sigmund,
          uniq_ijyb
D:4:      layout_layer_cave, kennysheep_little_box, serial_rivers,
          chequers_serial_rivers_small_3, chequers_serial_rivers_small_a,
          chequers_serial_rivers_micro_d, chequers_serial_rivers_room_b,
          chequers_serial_rivers_large_a, uniq_eustachio

Action                   || total
-------------------------++-------
Melee: Unarmed           ||    47
       Constrict         ||    15
       Tentacles         ||     6
 Cast: Magic Dart        ||    44
       Call Imp          ||     4
  Use: Potion            ||     1
 Stab: Sleeping          ||     1
  Eat: Chunk             ||     2
Armor: Skin              ||     7
Dodge: Dodged            ||    33

Table legend:
 A = Non-vault XP
 B = Vault XP
 C = Vault XP percentage of total XP
 D = Non-vault monster count
 E = Vault monster count
 F = Vault count percentage of total count
                 A         B        C        D         E       F
            +---------+---------+-------+---------+---------+-------
      Total |      50 |       0 |   0.0 |      30 |       0 |   0.0
            +---------+---------+-------+---------+---------+-------
        D:1 |      40 |       0 |   0.0 |      26 |       0 |   0.0
        D:2 |       8 |       0 |   0.0 |       3 |       0 |   0.0
        D:3 |       2 |       0 |   0.0 |       1 |       0 |   0.0
            +---------+---------+-------+---------+---------+-------
